[Event "26th Abu Dhabi Master 2019"]
[Site "Abu Dhabi"]
[Date "2019.08.08"]
[Round "7.63"]
[White "Priyanka Nutakki"]
[Black "Krzywda, Andrzej"]
[Result "1/2-1/2"]
[ECO "A18"]
[WhiteElo "2293"]
[BlackElo "2190"]
[Annotator "NA"]
[PlyCount "90"]
[EventDate "2019.08.02"]
[EventType "swiss"]
[EventCountry "UAE"]
[SourceTitle "playchess.com"]
[Source "ChessBase"]
[SourceQuality "1"]
[TimeControl "5400+30"]

1. c4 Nf6 2. Nc3 e6 3. e4 d5 4. e5 d4 5. exf6 dxc3 6. bxc3 Qxf6 7. Nf3 b6 8. g3 Bb7 9. Bg2 Nd7 10. O-O Bd6 11. d4 h6 12. a4 O-O 13. a5 Rad8 14. axb6 axb6 15. Ra7 Be4 16. Qe2 Bh7 17. Be3 Rfe8 18. Qa2 Be4 19. Nd2 Bxg2 20. Kxg2 Qf5 21. Qb1 Nf6 22. h3 Qxb1 23. Rxb1 e5 24. Nb3 exd4 25. cxd4 Ne4 26. Kf3 f5 27. d5 Be5 28. Rc1 Ra8 29. Rxa8 Rxa8 30. c5 Ra3 31. cxb6 cxb6 32. Rc8+ Kf7 33. Nc1 b5 34. Rc6 b4 35. Rb6 Bd6 36. Rb7+ Kf6 37. Kg2 Ke5 38. Bf4+ Kxd5 39. Bxd6 Kxd6 40. Rxb4 Rc3 41. Ne2 Rc2 42. Kf1 Nd2+ 43. Kg2 Ne4 44. Kf1 Nd2+ 45. Kg2 Ne4 1/2-1/2

[Event "26th Abu Dhabi Master 2019"]
[Site "Abu Dhabi"]
[Date "2019.08.08"]
[Round "7.64"]
[White "Sharma Isha"]
[Black "Wagh Suyog"]
[Result "0-1"]
[ECO "C54"]
[WhiteElo "2188"]
[BlackElo "2242"]
[Annotator "NA"]
[PlyCount "154"]
[EventDate "2019.08.02"]
[EventType "swiss"]
[EventCountry "UAE"]
[SourceTitle "playchess.com"]
[Source "ChessBase"]
[SourceQuality "1"]
[TimeControl "5400+30"]

1. e4 e5 2. Nf3 Nc6 3. Bc4 Bc5 4. c3 Nf6 5. d3 d6 6. Nbd2 O-O 7. h3 a6 8. Bb3 Be6 9. Bc2 Re8 10. Nf1 d5 11. Be3 d4 12. Bd2 b5 13. Ng3 h6 14. O-O Bf8 15. a4 Nd7 16. Ne1 Nc5 17. a5 Qd7 18. f4 exf4 19. Bxf4 g6 20. Nf3 Bg7 21. Ne2 g5 22. Bg3 Rad8 23. Nexd4 Nxd4 24. cxd4 Bxd4+ 25. Nxd4 Qxd4+ 26. Bf2 Qb4 27. d4 Bb3 28. e5 Bxc2 29. Qxc2 Nb3 30. Rad1 Qc4 31. Qc3 Qxc3 32. bxc3 Re6 33. Bg3 Rd5 34. Rf2 Nxa5 35. Rdf1 Rd7 36. d5 Rxd5 37. Rxf7 Rd1 38. Rxc7 Rxf1+ 39. Kxf1 Rc6 40. Ra7 Nb3 41. Ke2 a5 42. Kd3 a4 43. Ke4 Rxc3 44. Be1 Rc1 45. Bf2 Rf1 46. Be3 Rf7 47. Ra6 Rb7 48. Kf5 Kg7 49. h4 gxh4 50. Bxh6+ Kh7 51. Be3 Rf7+ 52. Kg5 Rg7+ 53. Kxh4 Re7 54. e6 Kg6 55. Kg4 Re8 56. g3 Na1 57. e7+ Kf7 58. Bg5 Nb3 59. Kf5 Nd4+ 60. Ke4 Ne6 61. Kf5 Nxg5 62. Kxg5 Rxe7 63. Rb6 Re5+ 64. Kf4 Rc5 65. Ra6 Rc3 66. Ra5 Rb3 67. g4 a3 68. g5 Rb4+ 69. Kf5 Ra4 70. Rxb5 a2 71. g6+ Ke7 72. Rb7+ Kd6 73. g7 a1=Q 74. Rb6+ Kc7 75. g8=Q Qf1+ 76. Ke5 Qf4+ 77. Kd5 Qf5# {Kd4} 0-1

[Event "26th Abu Dhabi Master 2019"]
[Site "Abu Dhabi"]
[Date "2019.08.08"]
[Round "7.65"]
[White "Bartel, Marta"]
[Black "Ashraf, Artin"]
[Result "1/2-1/2"]
[ECO "D83"]
[WhiteElo "2260"]
[BlackElo "2141"]
[Annotator "NA"]
[PlyCount "73"]
[EventDate "2019.08.02"]
[EventType "swiss"]
[EventCountry "UAE"]
[SourceTitle "playchess.com"]
[Source "ChessBase"]
[SourceQuality "1"]
[TimeControl "5400+30"]

1. d4 Nf6 2. c4 g6 3. Nc3 d5 4. Bf4 Bg7 5. e3 O-O 6. Rc1 Be6 7. c5 Nc6 8. Bd3 Qd7 9. h3 Nb4 10. Be2 Ne4 11. a3 Nxc3 12. Rxc3 Nc6 13. Nf3 Rfe8 14. g4 f6 15. Bg3 Bf7 16. Bb5 e5 17. O-O a6 18. Ba4 Rad8 19. b4 h5 20. gxh5 Qxh3 21. dxe5 fxe5 22. Ng5 Qxh5 23. Nxf7 Kxf7 24. Qxh5 gxh5 25. Rd3 e4 26. Rdd1 Be5 27. Bh4 Bf6 28. Bg3 Be5 29. Bh4 Bf6 30. Bg3 Rg8 31. Kh1 Ne5 32. Bxe5 Bxe5 33. f3 exf3 34. Rxf3+ Ke6 35. c6 b5 36. Bb3 Rg4 37. Rh3 1/2-1/2

[Event "26th Abu Dhabi Master 2019"]
[Site "Abu Dhabi"]
[Date "2019.08.08"]
[Round "7.66"]
[White "Moksh Amit Doshi"]
[Black "Salonika, Saina"]
[Result "1-0"]
[ECO "A85"]
[WhiteElo "2229"]
[BlackElo "2127"]
[Annotator "NA"]
[PlyCount "91"]
[EventDate "2019.08.02"]
[EventType "swiss"]
[EventCountry "UAE"]
[SourceTitle "playchess.com"]
[Source "ChessBase"]
[SourceQuality "1"]
[TimeControl "5400+30"]

1. d4 f5 2. c4 Nf6 3. Nc3 g6 4. h4 Bg7 5. h5 O-O 6. hxg6 hxg6 7. Bf4 e6 8. Nf3 d6 9. Qd2 Qe7 10. O-O-O b6 11. Bh6 Bd7 12. Qg5 Be8 13. e4 Nc6 14. exf5 exf5 15. c5 Ng4 16. Bc4+ Bf7 17. Qxg6 Qf6 18. Qxf6 Bxf6 19. Bb5 Nb4 20. Bxf8 Nxf2 21. Bh6 Nxh1 22. Rxh1 dxc5 23. Bg5 Bxg5+ 24. Nxg5 cxd4 25. Nxf7 Kxf7 26. Bc4+ Kg6 27. Nb5 c5 28. a3 a6 29. Nd6 Nc6 30. Bf7+ Kf6 31. Bd5 Rd8 32. Rh6+ Ke5 33. Bxc6 Rxd6 34. Rxd6 Kxd6 35. Bb7 a5 36. Ba6 Ke5 37. Kd2 a4 38. Bb5 Kf4 39. Bxa4 Kg3 40. Bc6 Kf2 41. b3 Kf1 42. a4 Kf2 43. Bf3 Kf1 44. Kd3 Ke1 45. b4 cxb4 46. Kxd4 1-0

[Event "26th Abu Dhabi Master 2019"]
[Site "Abu Dhabi"]
[Date "2019.08.08"]
[Round "7.67"]
[White "Wang, Shanshan"]
[Black "Mithil, Ajgaonkar"]
[Result "0-1"]
[ECO "B17"]
[WhiteElo "2122"]
[BlackElo "2314"]
[Annotator "NA"]
[PlyCount "62"]
[EventDate "2019.08.02"]
[EventType "swiss"]
[EventCountry "UAE"]
[SourceTitle "playchess.com"]
[Source "ChessBase"]
[SourceQuality "1"]
[TimeControl "5400+30"]

1. e4 c6 2. d4 d5 3. Nc3 dxe4 4. Nxe4 Nd7 5. Nf3 Ngf6 6. Ng3 e6 7. Bd3 Be7 8. O-O O-O 9. c3 b6 10. Qe2 Bb7 11. Re1 c5 12. Nf5 exf5 13. Qxe7 Qc7 14. Qe2 Rae8 15. Ne5 Ng4 16. Bf4 Ndxe5 17. dxe5 f6 18. Bxf5 Nxe5 19. f3 c4 20. Kh1 Qc5 21. Be3 Qb5 22. a4 Qc6 23. Qc2 Nxf3 24. Bxh7+ Kh8 25. Re2 Nh4 26. Rg1 f5 27. Bg5 Rxe2 28. Qxe2 Nxg2 29. Rxg2 Qxg2+ 30. Qxg2 Bxg2+ 31. Kxg2 Kxh7 0-1

[Event "26th Abu Dhabi Master 2019"]
[Site "Abu Dhabi"]
[Date "2019.08.08"]
[Round "7.68"]
[White "Srijit Paul"]
[Black "Soham Datar"]
[Result "1-0"]
[ECO "B90"]
[WhiteElo "2298"]
[BlackElo "2129"]
[Annotator "NA"]
[PlyCount "145"]
[EventDate "2019.08.02"]
[EventType "swiss"]
[EventCountry "UAE"]
[SourceTitle "playchess.com"]
[Source "ChessBase"]
[SourceQuality "1"]
[TimeControl "5400+30"]

1. e4 c5 2. Nf3 d6 3. d4 cxd4 4. Nxd4 Nf6 5. Nc3 a6 6. h3 e5 7. Nde2 h5 8. g3 Nbd7 9. a4 b6 10. Bg2 Bb7 11. O-O Be7 12. Bg5 Rc8 13. Qd2 Qc7 14. Rad1 O-O 15. Kh1 Rfe8 16. f4 Qc4 17. Qe3 Qc5 18. Qf3 b5 19. axb5 axb5 20. fxe5 Nxe5 21. Qf5 g6 22. Qf4 Ned7 23. Nd4 Qe5 24. Qxe5 dxe5 25. Ndxb5 Ba6 26. Bxf6 Nxf6 27. Rxf6 Bxb5 28. Rf2 Bc6 29. Nd5 Bxd5 30. Rxd5 Bg5 31. Bf1 Bc1 32. b3 Re7 33. Bc4 Kg7 34. c3 Ra8 35. Rd1 Be3 36. Rf3 Bb6 37. Rdf1 Rf8 38. Bd5 f5 39. b4 Bc7 40. c4 f4 41. c5 g5 42. g4 hxg4 43. hxg4 Rh8+ 44. Kg2 Rh4 45. Rh3 Rxh3 46. Kxh3 Kf6 47. Ra1 Rh7+ 48. Kg2 Rh4 49. Ra6+ Ke7 50. Be6 Rh8 51. b5 f3+ 52. Kxf3 Rh3+ 53. Kg2 Rc3 54. Bd5 Rxc5 55. b6 Rc2+ 56. Kf1 Bd6 57. b7 Rb2 58. Ra8 Kf6 59. Re8 Kg7 60. Rd8 Bc7 61. Rd7+ Kh8 62. Rf7 Bd6 63. Rf6 Bc7 64. Rf5 Kh7 65. Rxg5 Rb5 66. Ke2 Bb8 67. Kd3 Ba7 68. Rxe5 Kh6 69. g5+ Kg7 70. Re6 Kf8 71. Ra6 Be3 72. Ra8+ Kg7 73. Kxe3 1-0

[Event "26th Abu Dhabi Master 2019"]
[Site "Abu Dhabi"]
[Date "2019.08.08"]
[Round "7.69"]
[White "Mrudul Dehankar"]
[Black "Gomes, Mary Ann"]
[Result "1/2-1/2"]
[ECO "C11"]
[WhiteElo "2074"]
[BlackElo "2303"]
[Annotator "NA"]
[PlyCount "196"]
[EventDate "2019.08.02"]
[EventType "swiss"]
[EventCountry "UAE"]
[SourceTitle "playchess.com"]
[Source "ChessBase"]
[SourceQuality "1"]
[TimeControl "5400+30"]

1. e4 e6 2. Nf3 d5 3. Nc3 Nf6 4. e5 Nfd7 5. d4 c5 6. dxc5 Nc6 7. Bf4 a6 8. a3 Bxc5 9. Bd3 Be7 10. h4 Nc5 11. Rh3 Nxd3+ 12. Qxd3 Bd7 13. h5 Qa5 14. Kf1 b5 15. Ne2 b4 16. a4 Rc8 17. Kg1 Qb6 18. b3 Bc5 19. Rf1 Ne7 20. Bc1 a5 21. Bb2 Qc7 22. Ng5 h6 23. Nf3 Bb6 24. Rc1 Qa7 25. Ned4 Nf5 26. Qd2 Nxd4 27. Nxd4 Rc3 28. Rxc3 Bxd4 29. Rc8+ Bxc8 30. Bxd4 Qb8 31. c3 bxc3 32. Rxc3 O-O 33. Rg3 Kh7 34. Qxa5 Bd7 35. Rc3 Rc8 36. Rxc8 Qxc8 37. Qc3 Qa6 38. Qc2+ Kg8 39. f3 Qa5 40. Qc3 Qd8 41. Bf2 Be8 42. Qc5 Qb8 43. Qe7 Bc6 44. Qc5 Be8 45. a5 Qxb3 46. Qc8 Qa4 47. a6 Kh7 48. a7 Bc6 49. Qc7 Kg8 50. Kh2 Qf4+ 51. Bg3 Qa4 52. Kh3 d4 53. Bf2 Bd5 54. Bxd4 Kh7 55. Be3 Qa3 56. Qc2+ Kg8 57. Qc8+ Kh7 58. Qc2+ Kg8 59. Qc5 Qa1 60. Qd4 Qa3 61. Kg3 Kh7 62. Bd2 Qa6 63. Bb4 Qa4 64. Bc5 Qa5 65. Qb4 Qa1 66. Qd4 Qe1+ 67. Kh3 Qh1+ 68. Kg3 Qe1+ 69. Kh2 Qa5 70. Bb4 Qa4 71. Bc3 Qa6 72. Kg3 Kg8 73. Qc5 Qa4 74. Bb4 Kh7 75. Ba5 Qe8 76. Qc2+ Kg8 77. Qc7 Kh7 78. Qb8 Qc6 79. Qb1+ Kg8 80. Qb6 Qxb6 81. Bxb6 g6 82. Bc5 Kg7 83. Kg4 Bc6 84. Be7 Bd5 85. Bd6 Bc6 86. Bc5 Ba8 87. Bd6 Bb7 88. hxg6 fxg6 89. Ba3 h5+ 90. Kg5 Ba8 91. Bd6 Bb7 92. Kf4 Kf7 93. Bc5 Ba8 94. Bf2 Bb7 95. g4 hxg4 96. fxg4 Ba8 97. Ke3 Ke8 98. Bh4 Bb7 {[%emt 0:00:17] Ke4} 1/2-1/2

[Event "26th Abu Dhabi Master 2019"]
[Site "Abu Dhabi"]
[Date "2019.08.08"]
[Round "7.70"]
[White "Mahdian, Anousha"]
[Black "Srija, Seshadri"]
[Result "0-1"]
[ECO "A67"]
[WhiteElo "2118"]
[BlackElo "2306"]
[Annotator "NA"]
[PlyCount "87"]
[EventDate "2019.08.02"]
[EventType "swiss"]
[EventCountry "UAE"]
[SourceTitle "playchess.com"]
[Source "ChessBase"]
[SourceQuality "1"]
[TimeControl "5400+30"]

1. d4 Nf6 2. c4 c5 3. d5 e6 4. Nc3 exd5 5. cxd5 d6 6. e4 g6 7. f4 Bg7 8. Bb5+ Nfd7 9. Be2 O-O 10. Nf3 Re8 11. O-O a6 12. a4 Nf6 13. Nd2 b6 14. Bf3 h5 15. h3 Nh7 16. Nc4 f5 17. e5 dxe5 18. fxe5 Bxe5 19. Nxe5 Rxe5 20. d6 Ra7 21. Bf4 Re8 22. d7 Nxd7 23. Qb3+ Kg7 24. Rad1 Bb7 25. Nd5 Bxd5 26. Bxd5 Nhf6 27. Qc3 Kh7 28. Bc6 Re6 29. Bf3 Ne4 30. Bxe4 Rxe4 31. Rd6 Qe7 32. Qg3 Qg7 33. Rfd1 Rb7 34. Qg5 Nf8 35. Bd2 Ne6 36. Qg3 Nd4 37. Kh1 f4 38. Qd3 Qe5 39. Qxa6 Rg7 40. Rd8 f3 41. Qa8 fxg2+ 42. Kg1 Ne2+ 43. Kxg2 Qg3+ 44. Kf1 0-1

[Event "26th Abu Dhabi Master 2019"]
[Site "Abu Dhabi"]
[Date "2019.08.08"]
[Round "7.71"]
[White "Alinasab, Mobina"]
[Black "Srihari L"]
[Result "0-1"]
[ECO "B84"]
[WhiteElo "2280"]
[BlackElo "2101"]
[Annotator "NA"]
[PlyCount "138"]
[EventDate "2019.08.02"]
[EventType "swiss"]
[EventCountry "UAE"]
[SourceTitle "playchess.com"]
[Source "ChessBase"]
[SourceQuality "1"]
[TimeControl "5400+30"]

1. e4 c5 2. Nf3 d6 3. d4 cxd4 4. Nxd4 Nf6 5. Nc3 a6 6. Be2 e6 7. Be3 Be7 8. f4 O-O 9. Qd3 Qc7 10. O-O-O b5 11. Bf3 Bb7 12. e5 dxe5 13. Ndxb5 axb5 14. Nxb5 Qc8 15. fxe5 Nd5 16. a3 Nd7 17. Bd4 Nc5 18. Bxc5 Qxc5 19. Nd6 Ba6 20. Qd4 Bxd6 21. exd6 Qxd6 22. Bxd5 Rad8 23. Bc4 Qc7 24. Qxd8 Rxd8 25. Rxd8+ Qxd8 26. Bxa6 Qg5+ 27. Kb1 Qxg2 28. Rd1 g5 29. c4 Qxh2 30. c5 Qc7 31. b4 g4 32. Bf1 f5 33. Bc4 Qe5 34. Rd6 Qe4+ 35. Bd3 Qe1+ 36. Kc2 Qe5 37. Rd8+ Kf7 38. c6 g3 39. Rd7+ Kf6 40. c7 Qxc7+ 41. Rxc7 g2 42. Rxh7 g1=Q 43. b5 f4 44. a4 Qd4 45. Rh6+ Ke7 46. a5 Qa4+ 47. Kb2 Qxa5 48. Kb3 Qd2 49. Bc4 Qe3+ 50. Kc2 Qe4+ 51. Kc3 Qf3+ 52. Kb4 Qd1 53. b6 Qb1+ 54. Ka5 Kd6 55. Bxe6 Qa1+ 56. Ba2+ Kc5 57. Rh5+ Kc6 58. Rh6+ Kb7 59. Rh7+ Kb8 60. Rh2 f3 61. Ka6 Qf1+ 62. Ka5 Qe1+ 63. Ka4 Qe4+ 64. Kb3 Qd3+ 65. Ka4 Qd4+ 66. Ka3 f2 67. Rh1 Qc5+ 68. Kb2 Qxb6+ 69. Bb3 Qf6+ 0-1

[Event "26th Abu Dhabi Master 2019"]
[Site "Abu Dhabi"]
[Date "2019.08.08"]
[Round "7.72"]
[White "Davainis, Marius"]
[Black "Arjun C Krishnamachari"]
[Result "1/2-1/2"]
[ECO "B07"]
[WhiteElo "2105"]
[BlackElo "2212"]
[Annotator "NA"]
[PlyCount "59"]
[EventDate "2019.08.02"]
[EventType "swiss"]
[EventCountry "UAE"]
[SourceTitle "playchess.com"]
[Source "ChessBase"]
[SourceQuality "1"]
[TimeControl "5400+30"]

1. e4 d6 2. d4 Nf6 3. Nc3 c6 4. Nge2 Qa5 5. Bd2 e5 6. Nd5 Qd8 7. Nxf6+ Qxf6 8. Be3 Bg4 9. Qd2 Bxe2 10. Bxe2 exd4 11. Bxd4 Qe6 12. O-O Nd7 13. b3 Nf6 14. Bf3 Be7 15. Rfe1 O-O 16. Rad1 Rfd8 17. c4 Nd7 18. g3 Ne5 19. Bg2 Qg4 20. Qe3 Qh5 21. h3 c5 22. Bc3 Nc6 23. Rd5 Qg6 24. Red1 Qe6 25. f4 Bf6 26. e5 dxe5 27. fxe5 Be7 28. Qf4 Qg6 29. Rf1 Rf8 30. Rd7 1/2-1/2